 Dungeon Crawl Stone Soup version 0.27-a0-684-g359e429f13 (webtiles) character file.

Game seed: 7956425615013956934

425 Narval the Fighter (level 6, -4/74 HPs)
             Began as an Ogre Ice Elementalist on Mar 20, 2021.
             Was an Initiate of Gozag.
             Slain by Menkaure (16 damage)
             ... on level 4 of the Dungeon.
             The game lasted 00:15:18 (3820 turns).

Narval the Fighter (Ogre Ice Elementalist)          Turns: 3820, Time: 00:15:19

Health: -4/74      AC: 14    Str: 13    XL:     6   Next: 96%
Magic:  4/9        EV:  9    Int: 18    God:    Gozag
Gold:   106        SH:  0    Dex:  9    Spells: 2/9 levels left

rFire    . . .     SeeInvis .   s - +0 great sword
rCold    . . .     Faith    .   (shield currently unavailable)
rNeg     . . .     Spirit   .   a - +0 robe
rPois    .         Reflect  .   (helmet restricted)
rElec    .         Harm     .   i - +0 cloak
rCorr    .         Rampage  .   (gloves unavailable)
Will     .....                  (boots unavailable)
Stlth    +.........             q - amulet of regeneration
HPRegen  1.22/turn              v - +4 ring of protection
MPRegen  0.11/turn              (no ring)

@: ice-armoured
A: large, unfitting armour, tough skin 1
a: Renounce Religion, Potion Petition, Call Merchant, Bribe Branch


You were on level 4 of the Dungeon.
You worshipped Gozag.
Gozag was aware of your devotion.
You visited 2 branches of the dungeon, and saw 5 of its levels.

You collected 148 gold pieces.
You paid 42 gold pieces to Gozag.

Inventory:

Hand Weapons
 b - a +0 mace
 d - a +0 trident
 g - a +0 hunting sling
 s - a +0 great sword (weapon)
 t - a +2 flail of protection
 y - a +1 dagger of speed
Missiles
 h - 133 stones
 l - 25 bolts
 m - 14 arrows
 o - 4 boomerangs
 u - 9 poisoned darts
Armour
 a - a +0 robe (worn)
 i - a +0 cloak (worn)
Jewellery
 q - an amulet of regeneration (around neck)
 v - a +4 ring of protection (right hand)
 w - a +6 ring of dexterity
Wands
 j - a wand of iceblast (12)
Scrolls
 c - a scroll of torment {unknown}
 e - 2 scrolls of teleportation
 x - a scroll of fear {unknown}
Potions
 f - 2 potions of magic
 n - 2 potions of flight
 p - a potion of attraction
 r - 2 potions of brilliance {unknown}


   Skills:
 + Level 8.7 Fighting
 - Level 1.7 Dodging
 - Level 1.4 Stealth
 - Level 2.4 Spellcasting
 - Level 4.0 Ice Magic


You had 2 spell levels left.
You knew the following spells:

 Your Spells              Type           Power      Damage    Failure   Level
a - Freeze                Ice            64%        1d8       3%          1
b - Frozen Ramparts       Ice            32%        1d5       10%         3
c - Ozocubu's Armour      Ice            16%        N/A       10%         3

Your spell library contained the following spells:

 Spells                   Type           Power      Damage    Failure   Level
 Hailstorm                Conj/Ice       9%         3d4       58%         4
 Summon Ice Beast         Ice/Summ       9%         N/A       58%         4
 Cause Fear               Hex            1%         N/A       86%         4
 Silence                  Hex/Air        1%         N/A       99%         5
 Yara's Violent Unravell  Hex/Tmut       1%         3d3       99%         5
 Discord                  Hex            1%         N/A       100%        8


Dungeon Overview and Level Annotations

Branches:
Dungeon (4/15)             Temple (1/1) D:4

Altars:
Ashenzari
Cheibriados
Dithmenos
Elyvilon
Fedhas
Gozag
Hepliaklqana
Nemelex Xobeh
Okawaru
Ru
Sif Muna
Uskayaw
Vehumet
Wu Jian
Xom
Yredelemnul
The Shining One

Annotations:
D:4 Menkaure


Innate Abilities, Weirdness & Mutations

You are too large for most types of armour.
You have tough skin. (AC +1)


Message History

Your body is wracked with pain!
* * * LOW HITPOINT WARNING * * *
Okay, then.
Casting: Frozen Ramparts (dangerous; 10% risk of failure)
Confirm with . or Enter, or press ? or * to list all spells.
A film of ice covers your body!
Menkaure resists.
The wall freezes Menkaure.
You hit Menkaure.
Menkaure is moderately damaged.
Menkaure completely resists.
The wall freezes Menkaure but does no damage.
Menkaure hits you.
* * * LOW HITPOINT WARNING * * *
Menkaure resists.
The wall freezes Menkaure.
Menkaure hits you!
* * * LOW HITPOINT WARNING * * *
Menkaure resists.
The wall freezes Menkaure.
Menkaure closely misses you.
Casting: Ozocubu's Armour (dangerous; 10% risk of failure)
Confirm with . or Enter, or press ? or * to list all spells.
You don't know that spell.
Unknown command.
Press: ? - help, v - describe, . - travel
Here: Menkaure (heavily damaged, fast)
An open door.
You slash Menkaure!
Menkaure is severely damaged.
Menkaure resists.
The wall freezes Menkaure.
Menkaure barely misses you.
You riposte.
You closely miss Menkaure.
Menkaure is severely damaged.
Menkaure resists.
The wall freezes Menkaure.
Menkaure points at you and mumbles some strange words.
You struggle to resist.
You barely miss Menkaure.
Menkaure is almost destroyed.
Menkaure resists.
The wall freezes Menkaure.
Menkaure hits you.
* * * LOW HITPOINT WARNING * * *
Menkaure resists.
The wall freezes Menkaure.
Menkaure closely misses you.
You barely miss Menkaure.
Menkaure is almost destroyed.
The frozen ramparts melt away.
Menkaure hits you!
You die...
Your body crumbles into a pile of gold.

##.##.## ♣PP. .
#..#.#..#
#......##♣♣♣♣P. ♣...#
##.......#
#.........'.♣..♣...?+
.....#....
#......####.........
##......## ##.##.##
....... ##.###.#
#.###### ..... #.###.#
#......# ... ♣.♣...#
######.# #M# #.###.# #<#
#@# ##♣#♣.♣#♣.# #.# #.#
#.........# #.#
##.#####.♣#♣.♣#♣##
####.######........# #.#
#..............###.# ♣.♣
#.##.....≈≈§..####)###.#
# ####.≈≈§§≈..........#
#≈≈§§§§≈####.#####
#.#####≈§≈>≈§≈# #.#


You could see Menkaure (fast).

Vanquished Creatures
  A bullfrog (D:3)
  A hound (D:4)
  An orc priest (D:4)
  A centaur skeleton (D:4)
  An orc wizard (D:2)
  An iguana (D:4)
  8 gnolls (D:3)
  5 adders
  4 worms
  7 dart slugs
  3 leopard geckos
  6 orcs
  6 bats
  2 giant cockroaches (D:3)
  6 goblins
  7 hobgoblins
  4 jackals
  3 quokkas
  7 kobolds
  6 rats
80 creatures vanquished.

Notes
Turn   | Place    | Note
-------+----------+-------------------------------------------
     0 | D:1      | Narval the Ogre Ice Elementalist began the quest for the
                  | Orb.
     0 | D:1      | Reached XP level 1. HP: 16/16 MP: 3/3
     0 | D:1      | Noticed a minotaur
     0 | D:1      | Noticed a spriggan
     1 | D:1      | Noticed a formicid
     3 | D:1      | Noticed a vine stalker
     6 | D:1      | Noticed a draconian
     7 | D:1      | Noticed a formicid
     8 | D:1      | Noticed a centaur
    10 | D:1      | Noticed a troll
    12 | D:1      | Noticed an ogre
    13 | D:1      | Noticed an octopode
    14 | D:1      | Noticed a vine stalker
    14 | D:1      | Noticed a ghoul
    16 | D:1      | Noticed an elf
    16 | D:1      | Noticed a centaur
    18 | D:1      | Noticed an octopode
    18 | D:1      | Noticed a formicid
    20 | D:1      | Noticed a spriggan
    42 | D:1      | Reached skill level 1 in Fighting
   146 | D:1      | Reached skill level 2 in Fighting
   146 | D:1      | Reached XP level 2. HP: 27/28 MP: 5/5
   526 | D:1      | Reached skill level 3 in Fighting
   742 | D:1      | Reached XP level 3. HP: 34/37 MP: 6/6
  1611 | D:2      | Reached skill level 4 in Fighting
  1741 | D:2      | Learned a level 3 spell: Frozen Ramparts
  1987 | D:2      | Reached XP level 4. HP: 47/49 MP: 0/7
  2131 | D:2      | Reached skill level 5 in Fighting
  2544 | D:2      | Learned a level 3 spell: Ozocubu's Armour
  2636 | D:3      | Reached XP level 5. HP: 51/57 MP: 2/8
  2827 | D:3      | Found a white marble altar of Elyvilon.
  2907 | D:3      | Reached skill level 6 in Fighting
  3082 | D:3      | Reached skill level 7 in Fighting
  3082 | D:3      | Reached XP level 6. HP: 53/71 MP: 3/9
  3322 | D:4      | Found a staircase to the Ecumenical Temple.
  3340 | Temple   | Entered the Ecumenical Temple
  3571 | Temple   | Became a worshipper of Gozag Ym Sagoz the Greedy
  3601 | D:4      | Reached skill level 8 in Fighting
  3784 | D:4      | Noticed Menkaure
  3820 | D:4      | Slain by Menkaure

Illustrated notes

Levels and vault maps discovered:
D:1:      shiori_arrival_whats_in_store_for_you, layout_basic
D:2:      layout_basic
D:3:      layout_basic, elyvilon_altar_5
D:4:      layout_loops_corners, minmay_temple_entry_mist, serial_forest,
          infiniplex_forest_clump_tiny, infiniplex_forest_end_1,
          infiniplex_forest_clump_C, infiniplex_forest_lined_ring,
          infiniplex_forest_straight_2, infiniplex_forest_end_double,
          infiniplex_forest_end_1, infiniplex_forest_lined_4_way,
          minmay_checkerbox, uniq_menkaure
Temple:   regret_index_temple_sphere_string

Skill      XL: |  1  2  3  4  5  6 |
---------------+-------------------+-----
Fighting       | 2 3 4 5 7 8 |  8.7
Ice Magic      | 4 |  4.0
Dodging        | |  1.7
Stealth        | |  1.4
Spellcasting   | |  2.4

Action                   |  1- 3 |  4- 6 || total
-------------------------+-------+-------++-------
Melee: Mace              |    59 |     7 ||    66
       Trident           |     7 |    40 ||    47
       Great sword       |       |    49 ||    49
 Cast: Freeze            |    28 |    14 ||    42
       Frozen Ramparts   |     2 |    17 ||    19
       Ozocubu's Armour  |       |     2 ||     2
  Use: Scroll            |       |     4 ||     4
Armor: Robe              |    23 |    45 ||    68
Dodge: Dodged            |    53 |    56 ||   109
       Rpst.: Great sword |       |     9 ||     9

Table legend: (Time is in decaauts)
 A = Elapsed time spent in this place.
 B = Non-inter-level travel time spent in this place.
 C = Inter-level travel time spent in this place.
 D = Time resting spent in this place.
 E = Time spent auto-exploring this place.
 F = Levels seen in this place.
 G = Mean time per level.
                   A        B        C        D        E       F      G
               +--------+--------+--------+--------+--------+-----+--------+
         Total |   3899 |   3717 |    182 |    596 |   2127 |   5 |  779.8 |
       Dungeon |   3654 |   3561 |     93 |    596 |   1976 |   4 |  913.5 |
        Temple |    244 |    155 |     89 |      0 |    151 |   1 |  244.0 |
               +--------+--------+--------+--------+--------+-----+--------+

Top non-repeatable levels by time:
     D:1: 1355 daAuts
     D:2: 1331 daAuts
     D:3: 689 daAuts
     D:4: 278 daAuts
  Temple: 244 daAuts
